TOP OF THE 1ST |
Vancouver Vipers batting - Pitching for Las Vegas Stars : RHP Manuel González
|
Pitching: RHP Manuel González
|
|
Batting: LHB Jorge Martínez
|
0-0: Foul Ball, location: 2F 0-1: Foul Ball, location: 2F 0-2: Strikes out swinging
|
Batting: SHB Henry Copeland
|
0-0: Called Strike 0-1: Ball 1-1: Foul Ball, location: 2F 1-2: Foul Ball, location: 2F 1-2: Ball 2-2: Ball 3-2: SOLO HOME RUN (Flyball, 9LD), Distance : 406 ft
|
Batting: LHB Benny Richard
|
0-0: Swinging Strike 0-1: Called Strike 0-2: Foul Ball, location: 2F 0-2: Ball 1-2: Strikes out looking
|
Batting: LHB Mike Williams
|
0-0: Ball 1-0: Swinging Strike 1-1: Foul Ball, location: 2F 1-2: Ball 2-2: Foul Ball, location: 2F 2-2: Ground out 6-3 (Groundball, 6M)
|
Top of the 1st over - 1 run, 1 hit, 0 errors, 0 left on base; Vancouver 1 - Las Vegas 0 |
BOTTOM OF THE 1ST |
Las Vegas Stars batting - Pitching for Vancouver Vipers : RHP Juan Zumaya
|
Pitching: RHP Juan Zumaya
|
|
Batting: LHB Alberto Varela
|
0-0: Ball 1-0: Ball 2-0: Ball 3-0: Called Strike 3-1: DOUBLE (Flyball, 78D)
|
Batting: SHB Júlio Salazar
|
0-0: Ball 1-0: Ball 2-0: Foul Ball, location: 2F 2-1: Swinging Strike 2-2: Foul Ball, location: 2F 2-2: Foul Ball, location: 2F 2-2: Foul Ball, location: 2F 2-2: Ball 3-2: Strikes out swinging
|
Batting: LHB Morgan Wright
|
0-0: Called Strike 0-1: Ball 1-1: Ball 2-1: Called Strike 2-2: Ball 3-2: Base on Balls
|
Batting: LHB Patrick Osborne
|
0-0: Ball 1-0: Called Strike 1-1: Ball 2-1: Ball 3-1: Foul Ball, location: 2F 3-2: Base on Balls Alberto Varela to third Morgan Wright to second
|
Batting: RHB Juan Valverde
|
0-0: Swinging Strike 0-1: Called Strike 0-2: Ball 1-2: Ball 2-2: Ball 3-2: SINGLE (Line Drive, 8LS) Alberto Varela scores Morgan Wright to third Patrick Osborne to second Runner from 3rd tries for Home, SAFE, no throw
|
Batting: RHB Alonso Holguín
|
0-0: Ball 1-0: Grounds into double play, 1-6-3 (Groundball, 13)
|
Bottom of the 1st over - 2 runs, 2 hits, 0 errors, 1 left on base; Vancouver 1 - Las Vegas 2 |
TOP OF THE 2ND |
Vancouver Vipers batting - Pitching for Las Vegas Stars : RHP Manuel González
|
Batting: LHB Jerry Johnston
|
0-0: Called Strike 0-1: Fly out, F7 (Flyball, 78S)
|
Batting: RHB Salvador Medine
|
0-0: Ball 1-0: Ground out 4-3 (Groundball, 4)
|
Batting: RHB Quincy Vance
|
0-0: Called Strike 0-1: Ball 1-1: Swinging Strike 1-2: Strikes out swinging
|
Top of the 2nd over - 0 runs, 0 hits, 0 errors, 0 left on base; Vancouver 1 - Las Vegas 2 |
BOTTOM OF THE 2ND |
Las Vegas Stars batting - Pitching for Vancouver Vipers : RHP Juan Zumaya
|
Batting: RHB Barney Lawson
|
0-0: Called Strike 0-1: Foul Ball, location: 2F 0-2: Ball 1-2: Ball 2-2: Ball 3-2: Fly out, F4 (Line Drive, 4)
|
Batting: RHB José García
|
0-0: Fly out, F9 (Flyball, 89S)
|
Batting: RHB Sam Wallace
|
0-0: Foul Ball, location: 2F 0-1: Ball 1-1: Foul Ball, location: 2F 1-2: Ball 2-2: Fly out, F9 (Flyball, 89S)
|
Bottom of the 2nd over - 0 runs, 0 hits, 0 errors, 0 left on base; Vancouver 1 - Las Vegas 2 |
TOP OF THE 3RD |
Vancouver Vipers batting - Pitching for Las Vegas Stars : RHP Manuel González
|
Batting: LHB Brian Ford
|
0-0: Ground out 1-3 (Groundball, 13S)
|
Batting: RHB Axel Guimont
|
0-0: Called Strike 0-1: Fly out, F8 (Flyball, 89S)
|
Batting: LHB Jorge Martínez
|
0-0: Foul Ball, location: 2F 0-1: Ball 1-1: Called Strike 1-2: Strikes out swinging
|
Top of the 3rd over - 0 runs, 0 hits, 0 errors, 0 left on base; Vancouver 1 - Las Vegas 2 |
BOTTOM OF THE 3RD |
Las Vegas Stars batting - Pitching for Vancouver Vipers : RHP Juan Zumaya
|
Batting: LHB Alberto Varela
|
0-0: Ball 1-0: Ball 2-0: Ball 3-0: Base on Balls
|
Batting: SHB Júlio Salazar
|
0-0: SINGLE (Groundball, 5S) (infield hit) Alberto Varela to second
|
Batting: LHB Morgan Wright
|
0-0: Called Strike 0-1: Ball 1-1: Swinging Strike 1-2: Ball 2-2: Strikes out looking
|
Batting: LHB Patrick Osborne
|
0-0: Fly out, F9 (Line Drive, 9D) Runner from 2nd tags up, SAFE at 3rd, no throw
|
Batting: RHB Juan Valverde
|
0-0: Ball 1-0: SINGLE (Groundball, 56D) Alberto Varela scores Júlio Salazar to second
|
Batting: RHB Alonso Holguín
|
0-0: Foul Ball, location: 2F 0-1: Ground out 6-3 (Groundball, 6S)
|
Bottom of the 3rd over - 1 run, 2 hits, 0 errors, 2 left on base; Vancouver 1 - Las Vegas 3 |
TOP OF THE 4TH |
Vancouver Vipers batting - Pitching for Las Vegas Stars : RHP Manuel González
|
Batting: SHB Henry Copeland
|
0-0: Ball 1-0: Called Strike 1-1: SINGLE (Groundball, 6D)
|
Batting: LHB Benny Richard
|
Pickoff Throw to First - Error! E1 Henry Copeland to second 0-0: Ball 1-0: Called Strike 1-1: Called Strike 1-2: Ball 2-2: Ground out 4-3 (Groundball, 4) Henry Copeland to third
|
Batting: LHB Mike Williams
|
0-0: Ball 1-0: Called Strike 1-1: Called Strike 1-2: Ball 2-2: SINGLE (Line Drive, 78S) Henry Copeland scores
|
Batting: LHB Jerry Johnston
|
0-0: Ball 1-0: Foul Ball, location: 2F 1-1: Swinging Strike 1-2: Ball 2-2: Foul Ball, location: 2F 2-2: Strikes out swinging
|
Batting: RHB Salvador Medine
|
0-0: Fly out, F3 (Popup, 3)
|
Top of the 4th over - 1 run, 2 hits, 1 error, 1 left on base; Vancouver 2 - Las Vegas 3 |
BOTTOM OF THE 4TH |
Las Vegas Stars batting - Pitching for Vancouver Vipers : RHP Juan Zumaya
|
Batting: RHB Barney Lawson
|
0-0: Ball 1-0: Ball 2-0: Called Strike 2-1: Foul Ball, location: 2F 2-2: Foul Ball, location: 2F 2-2: Fly out, F8 (Flyball, 8LD)
|
Batting: RHB José García
|
0-0: Ball 1-0: Ground out 5-3 (Groundball, 5)
|
Batting: RHB Sam Wallace
|
0-0: Ball 1-0: Ball 2-0: Called Strike 2-1: Fly out, F9 (Flyball, 9)
|
Bottom of the 4th over - 0 runs, 0 hits, 0 errors, 0 left on base; Vancouver 2 - Las Vegas 3 |
TOP OF THE 5TH |
Vancouver Vipers batting - Pitching for Las Vegas Stars : RHP Manuel González
|
Batting: RHB Quincy Vance
|
0-0: SINGLE (Flyball, 7S)
|
Batting: LHB Brian Ford
|
0-0: Ball 1-0: Ball 2-0: Ball 3-0: Called Strike 3-1: Called Strike 3-2: Strikes out swinging
|
Batting: RHB Axel Guimont
|
0-0: Ball 1-0: Called Strike 1-1: Fly out, F9 (Flyball, 9)
|
Batting: LHB Jorge Martínez
|
0-0: Ball 1-0: Swinging Strike 1-1: Swinging Strike 1-2: Fielders Choice at 2nd, 6-4 (Groundball, 6)
|
Top of the 5th over - 0 runs, 1 hit, 0 errors, 1 left on base; Vancouver 2 - Las Vegas 3 |
BOTTOM OF THE 5TH |
Las Vegas Stars batting - Pitching for Vancouver Vipers : RHP Juan Zumaya
|
Batting: LHB Alberto Varela
|
0-0: Ball 1-0: Swinging Strike 1-1: Swinging Strike 1-2: Foul Ball, location: 2F 1-2: Foul Ball, location: 2F 1-2: Ground out U3 (Groundball, 3)
|
Batting: SHB Júlio Salazar
|
0-0: Called Strike 0-1: Hit by Pitch
|
Batting: LHB Morgan Wright
|
0-0: Ball 1-0: Ball 2-0: Ball Júlio Salazar steals 2nd base 3-0: Foul Ball, location: 2F 3-1: Foul Ball, location: 2F 3-2: Base on Balls
|
Batting: LHB Patrick Osborne
|
0-0: Ball 1-0: Called Strike 1-1: Ball Júlio Salazar steals 3rd base 2-1: DOUBLE (Line Drive, 9LD) Júlio Salazar scores Morgan Wright to third
|
Batting: RHB Juan Valverde
|
0-0: Called Strike 0-1: Ball 1-1: SINGLE (Flyball, 8LS) Morgan Wright scores Patrick Osborne to third Runner from 3rd tries for Home, throw and OUT!
|
Batting: RHB Alonso Holguín
|
0-0: Ball 1-0: Ball Passed Ball! Juan Valverde to second 2-0: Ball 3-0: Swinging Strike 3-1: Base on Balls
|
Batting: RHB Barney Lawson
|
0-0: Ball 1-0: Ball 2-0: Called Strike 2-1: Called Strike 2-2: Strikes out swinging
|
Bottom of the 5th over - 2 runs, 2 hits, 0 errors, 2 left on base; Vancouver 2 - Las Vegas 5 |
TOP OF THE 6TH |
Vancouver Vipers batting - Pitching for Las Vegas Stars : RHP Manuel González
|
Batting: SHB Henry Copeland
|
0-0: Ball 1-0: Fly out, F7 (Flyball, 7LSF)
|
Batting: LHB Benny Richard
|
0-0: Ball 1-0: Foul Ball, location: 2F 1-1: Ground out 5-3 (Groundball, 56)
|
Batting: LHB Mike Williams
|
0-0: Ball 1-0: Ground out 4-3 (Groundball, 4M)
|
Top of the 6th over - 0 runs, 0 hits, 0 errors, 0 left on base; Vancouver 2 - Las Vegas 5 |
BOTTOM OF THE 6TH |
Las Vegas Stars batting - Pitching for Vancouver Vipers : RHP Juan Zumaya
|
Pitching: RHP Javier Toledo
|
|
Batting: RHB José García
|
0-0: Ground out 4-3 (Groundball, 4)
|
Batting: RHB Sam Wallace
|
0-0: Swinging Strike 0-1: Called Strike 0-2: Ball 1-2: Ground out 4-3 (Groundball, 4)
|
Batting: LHB Alberto Varela
|
0-0: Ball 1-0: Ball 2-0: Ball 3-0: Called Strike 3-1: Called Strike 3-2: Strikes out looking
|
Bottom of the 6th over - 0 runs, 0 hits, 0 errors, 0 left on base; Vancouver 2 - Las Vegas 5 |
TOP OF THE 7TH |
Vancouver Vipers batting - Pitching for Las Vegas Stars : RHP Manuel González
|
Batting: LHB Jerry Johnston
|
0-0: Ball 1-0: Ball 2-0: Called Strike 2-1: Swinging Strike 2-2: Ball 3-2: Strikes out looking
|
Batting: RHB Salvador Medine
|
0-0: Ball 1-0: Ball 2-0: Ground out 1-3 (Groundball, P)
|
Batting: RHB Quincy Vance
|
0-0: Ball 1-0: Foul Ball, location: 2F 1-1: Ground out 5-3 (Groundball, 56S)
|
Top of the 7th over - 0 runs, 0 hits, 0 errors, 0 left on base; Vancouver 2 - Las Vegas 5 |
BOTTOM OF THE 7TH |
Las Vegas Stars batting - Pitching for Vancouver Vipers : RHP Javier Toledo
|
Batting: SHB Júlio Salazar
|
0-0: Called Strike 0-1: Foul Ball, location: 2F 0-2: Ball 1-2: Ball 2-2: Ball 3-2: Strikes out swinging
|
Batting: LHB Morgan Wright
|
0-0: Called Strike 0-1: Called Strike 0-2: Foul Ball, location: 2F 0-2: Ball 1-2: Hit by Pitch
|
Batting: LHB Patrick Osborne
|
0-0: Fly out, F6 (Line Drive, 6)
|
Batting: RHB Juan Valverde
|
0-0: Fielders Choice at 2nd, 6-4 (Groundball, 6)
|
Bottom of the 7th over - 0 runs, 0 hits, 0 errors, 1 left on base; Vancouver 2 - Las Vegas 5 |
TOP OF THE 8TH |
Vancouver Vipers batting - Pitching for Las Vegas Stars : RHP Manuel González
|
Pitching: RHP Roberto Moreno
|
|
Batting: LHB Brian Ford
|
0-0: Called Strike 0-1: Foul Ball, location: 2F 0-2: Foul Ball, location: 2F 0-2: Ball 1-2: Strikes out swinging
|
Batting: RHB Axel Guimont
|
0-0: Called Strike 0-1: Foul Ball, location: 2F 0-2: Strikes out swinging
|
Batting: LHB Jorge Martínez
|
0-0: Ball 1-0: Ball 2-0: Ball 3-0: Called Strike 3-1: Base on Balls
|
Batting: SHB Henry Copeland
|
0-0: Ball 1-0: Foul Ball, location: 2F 1-1: Ball 2-1: Ball 3-1: Called Strike Error on foul ball, E9 3-2: SINGLE (Groundball, 34D) Jorge Martínez to second Jorge Martínez to third
|
Pitching: LHP Justin Short
|
|
Batting: LHB Benny Richard
|
0-0: Swinging Strike 0-1: Foul Ball, location: 2F 0-2: Strikes out swinging
|
Top of the 8th over - 0 runs, 1 hit, 1 error, 2 left on base; Vancouver 2 - Las Vegas 5 |
BOTTOM OF THE 8TH |
Las Vegas Stars batting - Pitching for Vancouver Vipers : RHP Javier Toledo
|
Batting: RHB Alonso Holguín
|
0-0: Called Strike 0-1: Called Strike 0-2: Ball 1-2: Foul Ball, location: 2F 1-2: Ball 2-2: Ball 3-2: Ground out 5-3 (Groundball, 56)
|
Batting: RHB Barney Lawson
|
0-0: Called Strike 0-1: Called Strike 0-2: Strikes out looking
|
Batting: RHB José García
|
0-0: Called Strike 0-1: Called Strike 0-2: Foul Ball, location: 2F 0-2: Ball 1-2: Ball 2-2: Foul Ball, location: 2F 2-2: Foul Ball, location: 2F 2-2: Strikes out looking
|
Bottom of the 8th over - 0 runs, 0 hits, 0 errors, 0 left on base; Vancouver 2 - Las Vegas 5 |
TOP OF THE 9TH |
Vancouver Vipers batting - Pitching for Las Vegas Stars : LHP Justin Short
|
Pitching: LHP Gian-Andrea Nota
|
|
Batting: LHB Mike Williams
|
0-0: Ball 1-0: Ball 2-0: Swinging Strike 2-1: Foul Ball, location: 2F 2-2: Strikes out swinging
|
Batting: LHB Jerry Johnston
|
0-0: Ground out U3 (Groundball, 34)
|
Batting: RHB Salvador Medine
|
0-0: Ground out 6-3 (Groundball, 6S)
|
Top of the 9th over - 0 runs, 0 hits, 0 errors, 0 left on base; Vancouver 2 - Las Vegas 5 |
|